 Dungeon Crawl Stone Soup version 0.21.1-1-g345015f (webtiles) character file.

751 Lanoc the Spear-Bearer (level 7, -25/56 HPs)
             Began as a Merfolk Monk on Mar 17, 2018.
             Was a Follower of Fedhas.
             Annihilated by an ogre
             ... wielding a +0 giant spiked club
              (31 damage)
             ... on level 5 of the Dungeon.
             The game lasted 00:11:00 (4341 turns).

Lanoc the Spear-Bearer (Merfolk Monk)               Turns: 4341, Time: 00:11:01

Health: -25/56     AC:  5    Str: 12    XL:     7   Next: 78%
Magic:  8/8        EV: 16    Int:  9    God:    Fedhas [*.....]
Gold:   212        SH:  0    Dex: 18    Spells: 6/6 levels left

rFire    + . .     SeeInvis .   a - +0 spear
rCold    + . .     Gourm    .   (no shield)
rNeg     . . .     Faith    .   i - +0 leather armour {rC+}
rPois    .         Spirit   .   (no helmet)
rElec    .         Reflect  .   (no cloak)
rCorr    .         Harm     .   e - +0 pair of gloves
MR       .....                  f - +0 pair of boots {Stlth+}
Stlth    ++........             (no amulet)
HPRegen  0.18/turn              r - ring of protection from fire
MPRegen  0.11/turn              (no ring)

@: confused
A: change form in water, swift swim, stealthy swim
a: Fungal Bloom, Evolution, Renounce Religion


You were on level 5 of the Dungeon.
You worshipped Fedhas.
Fedhas was aware of your devotion.
You were not hungry.

You visited 2 branches of the dungeon, and saw 6 of its levels.

You collected 212 gold pieces.

Inventory:

Hand Weapons
 a - a +0 spear (weapon)
 m - a +0 spear
Armour
 e - a +0 pair of gloves (worn)
 f - a +0 pair of boots of stealth (worn)
 i - a +0 leather armour of cold resistance (worn)
Jewellery
 p - an uncursed ring of ice
 r - a ring of protection from fire (left hand)
Wands
 w - a wand of acid (8)
Scrolls
 d - a scroll of fear
 h - 3 scrolls of amnesia
 l - 2 scrolls of remove curse
 s - a scroll of immolation
 u - 2 scrolls of blinking {unknown}
 v - a scroll of random uselessness {unknown}
Potions
 g - a potion of mutation
 j - 2 potions of flight
 o - a potion of haste
 q - 2 potions of brilliance
Comestibles
 c - 9 rations
 k - a chunk of flesh


   Skills:
 + Level 5.4 Fighting
 * Level 9.2 Polearms
 + Level 6.4 Dodging
 - Level 2.1 Stealth
 + Level 2.5 Invocations


You had 6 spell levels left.
You didn't know any spells.

Dungeon Overview and Level Annotations

Branches:
Dungeon (5/15)             Temple (1/1) D:4

Altars:
Ashenzari
Dithmenos
Elyvilon
Fedhas
Gozag
Hepliaklqana
Kikubaaqudgha
Makhleb
Nemelex Xobeh
Okawaru
Qazlal
Ru
Sif Muna
Trog
Uskayaw
Vehumet
Wu Jian
Xom
Yredelemnul
Zin
The Shining One

Annotations:
D:5 Ijyb, Prince Ribbit


Message History

You hit Ijyb but do no damage.
Ijyb is almost dead.
Ijyb barely misses you.
You hit Ijyb but do no damage.
Ijyb is almost dead.
Ijyb closely misses you.
You hit Ijyb but do no damage.
Ijyb is almost dead.
The ogre hits you with a giant spiked club!!
* * * LOW HITPOINT WARNING * * *
You are confused.
You feel invigorated. Ijyb closely misses you.
You're too confused to move!
The ogre hits you with a giant spiked club!!
* * * LOW HITPOINT WARNING * * *
Ijyb completely misses you.
The ogre hits you with a giant spiked club!!
Ouch! That really hurt!
You die...
Fedhas appreciates your contribution to the ecosystem.

........### #
.##.#.#...... ..
..........#
#.##.#.#....###.#..## .
..................
...##.#......###.#..#
........O........#..####
.......g@...............
........................
...>...........#......###
...##............=.......
.. #.#..#.....#[##...#..
. ............#.##......
.##.#..#...............
#.#..#...............
#....................


You could see an ogre and Ijyb.

Vanquished Creatures
  Eustachio (D:5)
  Menkaure (D:4)
  Blork the orc (D:5)
  A bullfrog (D:2)
  A scorpion (D:5)
  A bullfrog skeleton (D:4)
  2 bullfrog zombies (D:5)
  An orc priest (D:4)
  An orc wizard (D:3)
  2 hound skeletons (D:4)
  4 adders
  An ooze (D:1)
  2 worms
  2 dart slugs
  2 leopard geckos
  11 orcs
  3 giant cockroaches
  5 goblins
  7 hobgoblins
  9 jackals
  3 kobolds
  8 bats
  6 frilled lizards
  2 leopard gecko skeletons (D:5)
  5 rats
82 creatures vanquished.

Notes
Turn   | Place    | Note
-------+----------+-------------------------------------------
     0 | D:1      | Lanoc the Merfolk Monk began the quest for the Orb.
     0 | D:1      | Reached XP level 1. HP: 18/18 MP: 1/1
   114 | D:1      | Reached XP level 2. HP: 23/24 MP: 2/2
   146 | D:1      | Reached skill level 5 in Polearms
   261 | D:1      | Reached XP level 3. HP: 29/29 MP: 3/3
   831 | D:2      | Noticed a bullfrog
   842 | D:2      | Killed a bullfrog
   842 | D:2      | Reached skill level 6 in Polearms
   842 | D:2      | Reached XP level 4. HP: 35/37 MP: 4/4
  1179 | D:3      | Reached skill level 5 in Dodging
  1179 | D:3      | Reached XP level 5. HP: 38/42 MP: 5/5
  1587 | D:3      | Reached skill level 7 in Polearms
  1748 | D:3      | Found a sparkling altar of Nemelex Xobeh.
  1955 | D:4      | Noticed a big kobold
  1969 | D:4      | Reached XP level 6. HP: 43/49 MP: 6/6
  1977 | D:4      | Found a staircase to the Ecumenical Temple.
  1986 | Temple   | Entered the Ecumenical Temple
  2285 | Temple   | Became a worshipper of Fedhas Madash
  2285 | Temple   | Reached * piety under Fedhas
  2285 | Temple   | Reached ** piety under Fedhas
  3014 | D:4      | Noticed Menkaure
  3042 | D:4      | Killed Menkaure
  3042 | D:4      | Reached skill level 8 in Polearms
  3042 | D:4      | Reached skill level 1 in Invocations
  3228 | D:5      | Entered Level 5 of the Dungeon
  3263 | D:5      | Reached skill level 5 in Fighting
  3263 | D:5      | Reached XP level 7. HP: 49/56 MP: 8/8
  3276 | D:5      | Noticed Blork the orc
  3305 | D:5      | Killed Blork the orc
  3708 | D:5      | Noticed Prince Ribbit
  3730 | D:5      | HP: 2/56 [Prince Ribbit (17)]
  4151 | D:5      | Noticed Eustachio
  4169 | D:5      | Killed Eustachio
  4169 | D:5      | Reached skill level 9 in Polearms
  4285 | D:5      | Noticed Ijyb
  4340 | D:5      | HP: 2/56 [ogre/giant spiked club (18)]
  4341 | D:5      | Annihilated by an ogre

Skill      XL: |  1  2  3  4  5  6  7 |
---------------+----------------------+-----
Polearms       | 5 6 7 8 9 |  9.2
Fighting       | 4 5 |  5.4
Dodging        | 5 6 |  6.4
Invocations    | 1 2 |  2.5
Stealth        | |  2.1

Action                   |  1- 3 |  4- 6 |  7- 9 || total
-------------------------+-------+-------+-------++-------
Melee: Spear             |   106 |   238 |   145 ||   489
  Use: Scroll            |       |     9 |       ||     9
       Potion            |       |     7 |     6 ||    13
 Stab: Sleeping          |     3 |     9 |     1 ||    13
  Eat: Chunk             |       |     5 |       ||     5
       Ration            |       |     1 |     1 ||     2
Armor: Robe              |    11 |     8 |     3 ||    22
       Leather armour    |       |       |     4 ||     4
Dodge: Dodged            |    74 |   115 |    67 ||   256
